 Dungeon Crawl Stone Soup version 0.29-a0-845-g6161e89988 (webtiles) character file.

Game seed: 6023999631231345359

308 xian the Trooper (level 6, -1/55 HPs)
             Began as a Draconian Fighter on July 16, 2022.
             Slain by a gnoll
             ... wielding a +0 flail
              (2 damage)
             ... on level 5 of the Dungeon.
             The game lasted 00:06:38 (2866 turns).

xian the Trooper (Draconian Fighter)                Turns: 2866, Time: 00:06:39

Health: -1/55      AC:  7    Str: 20    XL:     6   Next: 16%
Magic:  6/6        EV: 12    Int: 14    God:
Gold:   148        SH:  4    Dex: 11    Spells: 5/5 levels left

rFire   . . .      SeeInvis .   r - +6 club
rCold   . . .      Faith    .   b - +0 buckler
rNeg    . . .      Spirit   .   (body armour unavailable)
rPois   .          Reflect  .   (helmet restricted)
rElec   .          Harm     .   (no cloak)
rCorr   .          Rampage  .   (no gloves)
Will    .....                   o - +0 pair of boots
Stlth   ++........              (no amulet)
HPRegen 0.18/turn               k - +6 ring of intelligence
MPRegen 0.10/turn               (no ring)

@: mighty
A: AC +6, unfitting armour, cold-blooded
a: no special abilities


You were on level 5 of the Dungeon.
You visited 1 branch of the dungeon, and saw 5 of its levels.

You collected 148 gold pieces.

Inventory:

Hand Weapons
 i - a +0 sling
 r - a +6 club (weapon)
Armour
 b - a +0 buckler (worn)
 o - a +0 pair of boots (worn)
Jewellery
 k - a +6 ring of intelligence (left hand)
Wands
 q - a wand of digging (3)
Scrolls
 c - a scroll of identify {unknown}
 g - a scroll of torment {unknown}
 h - a scroll of vulnerability {unknown}
 m - a scroll of poison
 n - a scroll of immolation {unknown}
 p - a scroll of teleportation {unknown}
Potions
 d - 2 potions of curing {unknown}
 e - a potion of brilliance {unknown}
 f - a potion of haste {unknown}
 j - 3 potions of attraction {unknown}


   Skills:
 + Level 4.8 Fighting
 + Level 3.5 Maces & Flails
 + Level 3.8 Dodging
 + Level 1.5 Stealth
 + Level 3.9 Shields


You had 5 spell levels left.
You didn't know any spells.
Your spell library was empty.

Dungeon Overview and Level Annotations

Branches:
Dungeon (5/15)
 Temple: D:4-7

Altars:

Annotations:
D:2 1 runed translucent door, Crazy Yiuf


Innate Abilities, Weirdness & Mutations

Your plain brown scales are hard. (AC +6)
You cannot fit into any form of body armour.
You are cold-blooded and may be slowed by cold attacks.


Message History

A gnoll comes into view. It is wielding a +0 flail.
The gnoll shouts! x2
The gnoll closely misses you. You block the gnoll's attack.
The gnoll closely misses you.
The gnoll hits you from afar with a +3 spear.
The gnoll closely misses you.
Found a metallic clear potion.
The gnoll hits you with a +0 flail!
The gnoll hits you from afar with a +0 spear!
The gnoll hits you from afar with a +3 spear.
The gnoll hits you from afar with a +3 spear!
Found a stone staircase leading up.
The gnoll attacks as you move away! The gnoll completely misses you.
The gnoll attacks as you move away! You block the gnoll's attack.
There is a stone staircase leading down here.
The gnoll hits you from afar with a +3 spear.
You climb downwards.
There is a stone staircase leading up here.
The helpless scorpion fails to defend itself.
You hit the scorpion but do no damage.
The scorpion stings you but does no damage.
The gnoll hits you with a +0 flail.
* * * LOW HITPOINT WARNING * * *
You closely miss the scorpion. The scorpion stings you.
* * * LOW HITPOINT WARNING * * *
The gnoll hits you with a +0 flail!
* * * LOW HITPOINT WARNING * * *
You are too injured to fight recklessly!
You feel very mighty all of a sudden. The scorpion barely misses you.
The gnoll hits you with a +0 flail.
* * * LOW HITPOINT WARNING * * *
You sock the scorpion!
The scorpion is severely wounded.
The scorpion closely misses you. The gnoll hits you but does no damage.
You block the scorpion's attack.
You closely miss the scorpion.
The scorpion is severely wounded.
The scorpion stings you.
* * * LOW HITPOINT WARNING * * *
The gnoll hits you with a +0 flail.
You die...

#.# ##.#
...##
##...##
#.....####
#........
#.sg..#
#.@.#
##.## ..#
####


You could see a scorpion and a gnoll.

Vanquished Creatures
  Sigmund (D:2)
  Jessica (D:3)
  Terence (D:2)
  4 adders
  2 worms (D:2)
  A dart slug (D:2)
  4 orcs (D:3)
  An endoplasm (D:3)
  A giant cockroach (D:1)
  4 goblins
  2 hobgoblins
  7 jackals
  A quokka (D:1)
  7 ball pythons
  5 bats
  2 frilled lizards (D:2)
  5 kobolds
  3 rats
52 creatures vanquished.

Vanquished Creatures (others)
  13 plants (D:2)
13 creatures vanquished.

Grand Total: 65 creatures vanquished

Notes
Turn   | Place    | Note
-------+----------+-------------------------------------------
     0 | D:1      | xian the Draconian Fighter began the quest for the Orb.
     0 | D:1      | Reached XP level 1. HP: 19/19 MP: 1/1
   311 | D:1      | Reached XP level 2. HP: 27/27 MP: 2/2
   832 | D:2      | Noticed Sigmund
   852 | D:2      | Killed Sigmund
   853 | D:2      | Reached skill level 4 in Fighting
   853 | D:2      | Reached skill level 1 in Stealth
   853 | D:2      | Reached XP level 3. HP: 17/34 MP: 3/3
   853 | D:2      | Reached XP level 4. HP: 21/41 MP: 4/4
   853 | D:2      | Reached XP level 5. HP: 24/47 MP: 5/5
  1268 | D:2      | Noticed Terence
  1293 | D:2      | Killed Terence
  1896 | D:2      | Found a runed translucent door.
  1897 | D:2      | Noticed Crazy Yiuf
  1948 | D:3      | Found a faded altar of an unknown god.
  2180 | D:3      | Noticed Jessica
  2187 | D:3      | Killed Jessica
  2188 | D:3      | Reached XP level 6. HP: 55/55 MP: 6/6
  2861 | D:5      | Entered Level 5 of the Dungeon
  2866 | D:5      | HP: 1/55 [scorpion (3)]
  2866 | D:5      | Slain by a gnoll

Illustrated notes

Levels and vault maps discovered:
D:1:      lemuel_arrival_room, layout_loops_cross, lemuel_old_faithful
D:2:      layout_loops_corners, basic_altar, serial_bayou, serial_bayou_shore_a,
          serial_bayou_crossing, serial_bayou_shore_b, serial_bayou_ford_a,
          bh_walls_and_bars, uniq_sigmund, uniq_crazy_yiuf_cottage, uniq_terence
D:3:      layout_basic, dreamdust_ecumenical_altar_statues, uniq_jessica
D:4:      layout_layer_cave
D:5:      layout_loops_corners, doesnt_xom_only_xom, nicolae_shop_fire_sale
          [nicolae_sub_dead_trees], kennysheep_path_1

Skill      XL: |  1  2  3  4  5 |
---------------+----------------+-----
Fighting       | 4 |  4.8
Dodging        | 3 |  3.8
Stealth        | 1 |  1.5
Maces & Flails | 3 |  3.5
Shields        | |  3.9

Action                   |  1- 3 |  4- 6 || total
-------------------------+-------+-------++-------
Melee: Flail             |    53 |   117 ||   170
       Tailslap          |    11 |     7 ||    18
       Club              |       |    11 ||    11
  Use: Potion            |       |     3 ||     3
       Scroll            |       |     1 ||     1
 Stab: Sleeping          |     1 |     4 ||     5
Armor: Skin              |    24 |    60 ||    84
Dodge: Dodged            |    43 |   112 ||   155
Block: Buckler           |    13 |    31 ||    44

Table legend: (Time is in decaauts)
 A = Elapsed time spent in this place.
 B = Non-inter-level travel time spent in this place.
 C = Inter-level travel time spent in this place.
 D = Time resting spent in this place.
 E = Time spent auto-exploring this place.
 F = Levels seen in this place.
 G = Mean time per level.
                   A        B        C        D        E       F      G
               +--------+--------+--------+--------+--------+-----+--------+
         Total |   2929 |   2838 |     91 |    100 |   1868 |   5 |  585.8 |
       Dungeon |   2929 |   2838 |     91 |    100 |   1868 |   5 |  585.8 |
               +--------+--------+--------+--------+--------+-----+--------+

Top non-repeatable levels by time:
     D:2: 1143 daAuts
     D:3: 916 daAuts
     D:1: 845 daAuts
     D:4: 18 daAuts
     D:5: 5 daAuts
